 Dungeon Crawl Stone Soup version 0.29-a0-542-g075992c915 (webtiles) character file.

Game seed: 13475712060487327732

43204 jifgo the Fighter (level 14, -4/138 HPs)
             Began as a Gargoyle Fighter on June 4, 2022.
             Was the Champion of Zin.
             Killed from afar by a molten gargoyle (12 damage)
             ... with a bolt of magma
             ... on level 6 of the Lair of Beasts.
             The game lasted 00:48:27 (15321 turns).

jifgo the Fighter (Gargoyle Fighter)               Turns: 15321, Time: 00:48:27

Health: -4/138     AC: 35    Str: 23    XL:     14   Next: 23%
Magic:  16/21      EV:  7    Int: 11    God:    Zin [******]
Gold:   904        SH:  6    Dex:  9    Spells: 13/13 levels left

rFire   . . .      SeeInvis .   b - +2 morningstar (freeze)
rCold   . . .      Faith    .   c - +0 buckler
rNeg    + . .      Spirit   .   A - +1 plate armour
rPois   ∞          Reflect  .   y - +0 helmet
rElec   +          Harm     .   w - +0 cloak
rCorr   .          Rampage  .   (no gloves)
Will    +....                   o - +0 pair of boots
Stlth   ..........              I - amulet of regeneration
HPRegen 1.13/turn               W - +4 ring of slaying
MPRegen 0.17/turn               s - +4 ring of protection

@: berserking, on recite cooldown, flying, very quick
A: sickness immunity, AC +10, big wings, negative energy resistance 1,
electricity resistance, torment resistance 1, petrification resistance
a: Renounce Religion, Recite, Vitalisation, Imprison, Sanctuary, Donate Gold


You were on level 6 of the Lair of Beasts.
You worshipped Zin.
Zin was exalted by your worship.
You visited 3 branches of the dungeon, and saw 17 of its levels.
You also visited: Bailey.

You collected 1145 gold pieces.
You donated 241 gold pieces to Zin.

Inventory:

Hand Weapons
 b - a +2 morningstar of freezing (weapon)
 f - the +3 falchion of Gomenuh {freeze, rF+ Will- Str+5 SInv}
   (You found it on level 7 of the Dungeon)

   It freezes those it strikes, dealing additional cold damage.
   It can also slow down cold-blooded creatures.
   Str:       It affects your strength (+5).
   rF:        It protects you from fire.
   SInv:      It lets you see invisible.
   Will:      It decreases your willpower.
 r - the +7 dagger of the Moon {freeze, rElec rPois}
   (You found it on level 2 of the Dungeon)

   It freezes those it strikes, dealing additional cold damage.
   It can also slow down cold-blooded creatures.
   rElec:     It insulates you from electricity.
   rPois:     It protects you from poison.
 O - a +0 arbalest of flaming
Missiles
 a - 7 boomerangs
 j - 14 poisoned darts
 n - 5 curare-tipped darts (quivered)
 p - 454 stones
 E - 8 javelins
Armour
 c - a +0 buckler (worn)
 o - a +0 pair of boots (worn)
 w - a +0 cloak (worn)
 y - a +0 helmet (worn)
 A - a +1 plate armour (worn)
Jewellery
 s - a +4 ring of protection (right hand)
 x - a +6 ring of dexterity
 B - a ring of resist corrosion
 I - an amulet of regeneration (around neck)
 W - a +4 ring of slaying (left hand)
Wands
 t - a wand of acid (12)
 G - a wand of mindburst (4)
 H - a wand of flame (10)
 Q - a wand of charming (5)
 R - a wand of iceblast (10)
Scrolls
 e - 3 scrolls of magic mapping
 g - 6 scrolls of fog
 h - 5 scrolls of immolation
 v - 11 scrolls of teleportation
 D - 3 scrolls of enchant weapon {unknown}
 F - 2 scrolls of vulnerability {unknown}
 L - 2 scrolls of summoning {unknown}
 N - 4 scrolls of blinking {unknown}
 P - a scroll of poison
 S - a scroll of fear
 T - a scroll of amnesia
Potions
 d - a potion of mutation {unknown}
 i - 2 potions of attraction
 k - 2 potions of ambrosia {unknown}
 m - 9 potions of curing
 q - 6 potions of cancellation
 u - 8 potions of flight
 z - 2 potions of invisibility
 J - 2 potions of heal wounds
 K - 3 potions of brilliance {unknown}
 M - a potion of experience {unknown}
 U - a potion of magic {unknown}
Miscellaneous
 V - a phantom mirror


   Skills:
 + Level 12.1 Fighting
 + Level 10.7 Maces & Flails
 - Level 8.0 Throwing
 + Level 11.9 Armour
 + Level 11.9 Shields
 + Level 10.5 Invocations


You had 13 spell levels left.
You didn't know any spells.
Your spell library contained the following spells:

 Spells                   Type           Power      Damage    Failure   Level
 Leda's Liquefaction      Hex/Erth       0%         N/A       100%        4
 Olgreb's Toxic Radiance  Pois           0%         N/A       100%        4
 Lee's Rapid Deconstruct  Erth           0%         3d5*      100%        5
 Ozocubu's Refrigeration  Ice            0%         4d5       100%        7
 Ignition                 Fire           0%         3d3       100%        8
 Statue Form              Tmut/Erth      Unusable   N/A       N/A         6

Dungeon Overview and Level Annotations

Branches:
Dungeon (10/15)            Temple (1/1) D:5            Lair (6/6) D:8
 Shoals (0/4) Lair:4       Spider (0/4) Lair:3          Orc (0/2) D:9
 Bailey (visited)
  Slime: Lair:5-6

Altars:
Cheibriados
Dithmenos
Elyvilon
Fedhas
Gozag
Hepliaklqana
Kikubaaqudgha
Makhleb
Nemelex Xobeh
Okawaru
Qazlal
Ru
Sif Muna
Trog
Uskayaw
Vehumet
Wu Jian
Xom
Zin
The Shining One

Shops:
D:8 [   D:9 :

Portals:
Abyss: Lair:2

Annotations:
D:8 2 runed translucent doors
Lair:2 2 transporters, exclusion: downstairs, Caiv's ghost, journeyman OpAE
Lair:6 2 runed translucent doors, Taurus's ghost, journeyman MiFi


Innate Abilities, Weirdness & Mutations

You are immune to sickness and miasma.
Your stone body is resilient. (AC +10)
You are immune to poison.
Your large and strong wings let you fly.
You resist negative energy. (rN+)
You are resistant to electric shocks. (rElec)
You are resistant to unholy torment.
You are immune to petrification.


Message History

Press: ? - help, Dir - look around, f - activate You clear your throat and prepare to recite. "It was then that Zin bade them..."
You hear an angry hiss.
The molten gargoyle closely misses you.
Unknown command.
You hit the molten gargoyle but do no damage.
The molten gargoyle is heavily damaged. "...not to stray from hygiene, lest..."
The molten gargoyle blasts magma at you!
The bolt of magma hits you!!
* * * LOW HITPOINT WARNING * * *
Unknown command.
Aiming: Imprison (0% risk of failure)
Press: ? - help, Dir - move target, f - molten gargoyle
Aim: a molten gargoyle, wielding a +0 flail You briefly glimpse something next to the molten gargoyle. "...they become as damned as the fetid masses."
You finish reciting Ablutions 18:61.
The molten gargoyle closely misses you.
A red film seems to cover your vision as you go berserk!
You feel yourself moving faster!
You feel mighty!
The molten gargoyle hits you with a +0 flail!
* * * LOW HITPOINT WARNING * * *
You are engulfed in flames!
* * * LOW HITPOINT WARNING * * *
The molten gargoyle blasts magma at you!
The bolt of magma hits the molten gargoyle!
The molten gargoyle partially resists.
The bolt of magma hits you!
* * * LOW HITPOINT WARNING * * *
You hit the molten gargoyle but do no damage.
The molten gargoyle is severely damaged.
The molten gargoyle blasts magma at you!
The bolt of magma misses you.
The molten gargoyle blasts magma at you!
The bolt of magma hits the molten gargoyle!
The molten gargoyle partially resists.
The molten gargoyle is destroyed!
The bolt of magma hits you!
You die... ≈.......... ......l... #......... .. #..§.... .PP

#....# ..P# #.§# ...[#
#9§# .....###)##
#.#...#.#@# #....
##......### ###.....
#.......## ##...P.#
##.......#### #.....#
##.......#.# #..P#
##.......#######..####
#
##.#......##..#..P#.###
#####.............#...
#.................


You could see a molten gargoyle.

Vanquished Creatures
  2 boulder beetles
  Erica (D:8)
  A two-headed ogre (Bailey)
  11 death yaks (Lair:5)
  Amaemon (Lair:2)
  A lindwurm (Lair:5)
  A manticore (D:7)
  13 elephants
  5 black mambas
  7 cane toads
  An orange demon (Lair:2)
  A rime drake (Lair:5)
  7 komodo dragons
  4 merfolk (Lair:4)
  2 trolls
  2 polar bears
  Prince Ribbit (D:6)
  13 dream sheep
  30 blink frogs
  4 spriggans (Bailey)
  32 yaks
  4 wyverns
  5 basilisks
  3 steam dragons
  Menkaure (D:7)
  An acid dragon (D:9)
  10 water moccasins
  A hell hound (Lair:6)
  2 orc warriors
  A black bear (D:4)
  9 ogres
  2 centaurs
  12 wolves
  A kobold brigand (D:6)
  8 bullfrogs
  7 scorpions
  13 wights
  3 killer bees
  2 electric eels (D:8)
  A howler monkey (D:7)
  3 orc priests
  A hound (D:7)
  7 iguanas
  A gnoll shaman (D:8)
  Jessica (D:3)
  3 orc wizards
  7 hell rats (Lair:5)
  Robin (D:3)
  7 gnolls
  10 adders
  3 white imps (D:6)
  2 ufetubi
  2 worms (D:4)
  2 dart slugs
  22 orcs
  2 bats (D:2)
  6 endoplasms
  8 giant cockroaches
  23 goblins
  6 hobgoblins
  6 jackals
  2 quokkas
  9 ball pythons
  2 frilled lizards (D:2)
  10 kobolds
  6 rats
378 creatures vanquished.

Vanquished Creatures (others)
  A molten gargoyle (Lair:6)
  39 fungi
  53 plants
  4 withered plants (D:3)
97 creatures vanquished.

Grand Total: 475 creatures vanquished

Notes
Turn   | Place    | Note
-------+----------+-------------------------------------------
     0 | D:1      | jifgo the Gargoyle Fighter began the quest for the Orb.
     0 | D:1      | Reached XP level 1. HP: 14/14 MP: 1/1
    45 | D:1      | Found a faded altar of an unknown god.
   199 | D:1      | Reached XP level 2. HP: 13/19 MP: 2/2
   871 | D:1      | Reached XP level 3. HP: 21/23 MP: 3/3
  1369 | D:2      | Reached XP level 4. HP: 29/29 MP: 4/4
  1377 | D:2      | Identified the +7 dagger of the Moon {freeze, rElec rPois}
  1688 | D:3      | Noticed Jessica
  1690 | D:3      | Found an ancient bone altar of Kikubaaqudgha.
  1694 | D:3      | Killed Jessica
  1695 | D:3      | Reached skill level 4 in Fighting
  1794 | D:3      | Reached XP level 5. HP: 33/33 MP: 5/5
  1811 | D:3      | Noticed Robin
  1819 | D:3      | Killed Robin
  1910 | D:3      | Found a snail-covered altar of Cheibriados.
  2364 | D:4      | Found an ornate altar of the Wu Jian Council.
  2364 | D:4      | Noticed a black bear
  2376 | D:4      | Killed a black bear
  2377 | D:4      | Reached XP level 6. HP: 35/40 MP: 6/6
  2425 | D:4      | Found a shimmering blue altar of Sif Muna.
  2553 | D:4      | Identified the +2 robe of Twilight {Drain rPois Str+4
                  | Stlth+}
  2930 | D:4      | Found a glowing silver altar of Zin.
  2933 | D:4      | Became a worshipper of Zin the Law-Giver
  2933 | D:4      | Reached * piety under Zin
  2991 | D:4      | Donated 127 gold pieces to Zin
  3134 | D:5      | Entered Level 5 of the Dungeon
  3158 | D:4      | Reached skill level 5 in Fighting
  3266 | D:5      | Reached skill level 5 in Armour
  3266 | D:5      | Reached skill level 5 in Shields
  3294 | D:5      | Found a staircase to the Ecumenical Temple.
  3314 | D:5      | Reached XP level 7. HP: 44/44 MP: 7/7
  3323 | Temple   | Entered the Ecumenical Temple
  3491 | D:5      | Found a sacrificial altar of Ru.
  3500 | D:5      | Found a shimmering altar of Xom.
  3535 | D:5      | Found a stormy altar of Qazlal.
  3623 | D:5      | Reached ** piety under Zin
  3707 | D:5      | Reached *** piety under Zin
  4093 | D:6      | Reached skill level 1 in Throwing
  4307 | D:6      | Found an opulent altar of Gozag.
  4451 | D:6      | Reached XP level 8. HP: 28/51 MP: 8/8
  4937 | D:7      | Noticed Prince Ribbit
  4947 | D:6      | Killed Prince Ribbit
  4948 | D:6      | Reached skill level 6 in Fighting
  5001 | D:7      | Noticed a manticore
  5009 | D:7      | Killed a manticore
  5010 | D:7      | Reached skill level 5 in Maces & Flails
  5010 | D:7      | Reached skill level 1 in Invocations
  5018 | D:7      | Reached XP level 9. HP: 10/56 MP: 10/10
  5297 | D:7      | Identified the +3 falchion of Gomenuh {freeze, rF+ Will-
                  | Str+5 SInv}
  5347 | D:7      | Identified a scroll of acquirement
  5347 | D:7      | Acquired a +2 morningstar of freezing
  5504 | D:7      | Noticed a troll
  5564 | D:7      | Reached **** piety under Zin
  5709 | D:7      | Reached skill level 7 in Fighting
  5776 | D:7      | Noticed Menkaure
  5785 | D:7      | Killed Menkaure
  6023 | D:8      | Noticed Erica
  6028 | D:8      | Killed Erica
  6029 | D:8      | Reached XP level 10. HP: 63/63 MP: 11/13
  6094 | D:8      | Found an iron altar of Okawaru.
  6231 | D:8      | Found a staircase to the Lair.
  6294 | D:8      | Found a large runed translucent door.
  6297 | D:8      | Found a large runed translucent door.
  6356 | D:8      | Noticed an eight-headed hydra
  6419 | D:8      | Found Xyar's Armour Shop.
  7055 | Lair:1   | Entered Level 1 of the Lair of Beasts
  7055 | Lair:1   | Noticed a cane toad
  7135 | D:9      | Found Cahaet's Book Shop.
  7174 | D:9      | Found a staircase to the Orcish Mines.
  7208 | D:9      | Reached skill level 5 in Invocations
  7211 | D:9      | Reached skill level 8 in Fighting
  7281 | D:9      | Reached ***** piety under Zin
  7514 | D:9      | Found a shadowy altar of Dithmenos.
  7582 | D:9      | Reached skill level 5 in Throwing
  8100 | D:10     | Entered Level 10 of the Dungeon
  8179 | D:10     | Found a flagged portal.
  8188 | Bailey   | Entered a bailey
  8295 | Bailey   | Noticed a two-headed ogre
  8308 | Bailey   | Killed a two-headed ogre
  8309 | Bailey   | Reached XP level 11. HP: 69/69 MP: 15/15
  8691 | D:10     | Noticed a two-headed ogre
  8937 | Lair:1   | Reached skill level 9 in Fighting
  9613 | Lair:2   | Found a transporter.
  9617 | Lair:2   | Noticed a spriggan rider
  9617 | Lair:2   | Noticed Caiv's ghost (journeyman OpAE)
  9618 | Lair:2   | Noticed a worldbinder
  9620 | Lair:2   | Found a one-way gate to the infinite horrors of the Abyss.
  9990 | Lair:2   | Found a transporter.
  9998 | Lair:2   | Noticed a sea snake
 10000 | Lair:2   | Noticed a quicksilver ooze
 10372 | Lair:2   | Noticed Amaemon
 10393 | Lair:2   | Killed Amaemon
 10589 | Lair:2   | Noticed a shock serpent
 10808 | Lair:2   | Reached XP level 12. HP: 65/76 MP: 17/17
 11005 | Lair:3   | Found a hole to the Spider Nest.
 11151 | Lair:3   | Reached skill level 10 in Fighting
 11208 | Lair:3   | Noticed a boulder beetle
 11234 | Lair:3   | Killed a boulder beetle
 11321 | Lair:3   | Reached skill level 10 in Armour
 11330 | Lair:3   | Reached skill level 10 in Shields
 11654 | Lair:3   | Reached ****** piety under Zin
 12064 | Lair:4   | Found a staircase to the Shoals.
 13018 | Lair:5   | Noticed a boulder beetle
 13043 | Lair:5   | Killed a boulder beetle
 13212 | Lair:5   | Noticed a death yak
 13213 | Lair:5   | Noticed a death yak
 13245 | Lair:5   | Killed a death yak
 13246 | Lair:5   | Reached XP level 13. HP: 58/83 MP: 19/19
 13635 | Lair:5   | Identified the +3 chain mail "Petuqami" {+Inv rPois}
 13731 | Lair:5   | Reached skill level 11 in Fighting
 14022 | Lair:5   | Reached skill level 10 in Maces & Flails
 14481 | Lair:6   | Entered Level 6 of the Lair of Beasts
 14782 | Lair:5   | Reached skill level 10 in Invocations
 14865 | Lair:6   | Identified the +8 trident "Beetle's Demise" {drain, rCorr
                  | Str+7 Dex-3}
 15003 | Lair:6   | Gained mutation: Your large and strong wings let you fly.
                  | [Gargoyle growth]
 15003 | Lair:6   | Reached XP level 14. HP: 88/91 MP: 21/21
 15039 | Lair:6   | Found a runed translucent door.
 15168 | Lair:6   | Reached skill level 12 in Fighting
 15176 | Lair:6   | Found a runed translucent door.
 15176 | Lair:6   | Found a shimmering altar of Xom.
 15176 | Lair:6   | Noticed Taurus's ghost (journeyman MiFi)
 15321 | Lair:6   | Killed from afar by a molten gargoyle

Illustrated notes

Levels and vault maps discovered:
D:1:      eino_arrival_cavern_b, layout_loops_ring,
          hellmonk_ecumenical_altar_run_dry
D:2:      layout_rooms
D:3:      layout_basic, kiku_gazebo_garden_becter, kennysheep_slug_shrine,
          feat_on_display, uniq_robin, uniq_jessica
D:4:      layout_loops_ring, mainiacjoe_overflow_concentric_impassable,
          mainiacjoe_overflow_alcove_1, zin_statuary, serial_glass,
          glass_columns_c, glass_columns_a, glass_columns_a, glass_columns_b,
          glass_columns_c, glass_columns_b
D:5:      layout_basic, mainiacjoe_overflow_boulevard,
          mainiacjoe_overflow_swirl, minmay_temple_entry_sparse_star,
          dreamdust_wishing_well, minmay_ogre_servants
D:6:      layout_basic, grunt_gozag_statues, serial_curves, eino_curves_02,
          eino_curves_03
D:7:      layout_basic, uniq_prince_ribbit1, uniq_menkaure
D:8:      layout_basic, okawaru_altar_gauntlet_db, jmf_multi_god_temple2,
          lair_entry_dummy, serial_shops, nicolae_shop_crystal,
          serial_bayou_ford_a, uniq_erica
D:9:      layout_basic, grunt_dithmenos_smoke_and_mirrors, orc_0_dummy,
          serial_shops, nicolae_diamond_shop
D:10:     layout_long_grid, enter_bailey_8
Temple:   nicolae_temple_figure_zero
Lair:1:   layout_loops_ring
Lair:2:   layout_layer_cave, gammafunk_ghost_abyssal_escape,
          hibernation_bobbens, uniq_amaemon
Lair:3:   layout_hall_layers, nicolae_spider_entry_non_spiders
Lair:4:   layout_cave_pods, elwin_shoals_entry_stream, grunt_megastairs_1
Lair:5:   layout_cave_pods, nicolae_lair_lil_pond
Lair:6:   cheibrodos_lair_end_hotspot, layout_concentric_octagons,
          slime_altar_2, ebering_ghost_xom

Skill      XL: |  1  2  3  4  5  6  7  8  9 10 11 12 13 14 |
---------------+-------------------------------------------+-----
Fighting       | 4 5 6 7 8 9 10 11 12 | 12.1
Armour         | 4 5 6 7 8 9 10 11 | 11.9
Shields        | 4 5 6 7 8 9 10 11 | 11.9
Maces & Flails | 3 4 5 6 7 8 9 10 | 10.7
Throwing       | 1 2 4 5 6 7 8 |  8.0
Invocations    | 2 4 6 7 8 10 | 10.5

Action                   |  1- 3 |  4- 6 |  7- 9 | 10-12 | 13-15 || total
-------------------------+-------+-------+-------+-------+-------++-------
Melee: Flail             |   109 |     2 |       |       |       ||   111
       Dagger            |       |   138 |   137 |       |       ||   275
       Morningstar       |       |       |    93 |   709 |   399 ||  1201
Throw: Dart              |     2 |     4 |    20 |    12 |     9 ||    47
       Javelin           |       |       |     1 |     7 |       ||     8
Invok: Donate Gold       |       |     1 |       |       |       ||     1
       Recite            |       |       |       |     2 |     1 ||     3
       Imprison          |       |       |       |     1 |     1 ||     2
Evoke: Wand              |       |       |       |       |     4 ||     4
  Use: Scroll            |       |     6 |     9 |     1 |     2 ||    18
       Potion            |       |       |     3 |     4 |     1 ||     8
Armor: Scale mail        |    62 |    41 |       |       |       ||   103
       Plate armour      |       |    19 |   159 |   572 |   307 ||  1057
Dodge: Dodged            |    52 |    39 |    66 |   241 |   120 ||   518
Block: Buckler           |    24 |    29 |    63 |   227 |   104 ||   447

Table legend: (Time is in decaauts)
 A = Elapsed time spent in this place.
 B = Non-inter-level travel time spent in this place.
 C = Inter-level travel time spent in this place.
 D = Time resting spent in this place.
 E = Time spent auto-exploring this place.
 F = Levels seen in this place.
 G = Mean time per level.
                   A        B        C        D        E       F      G
               +--------+--------+--------+--------+--------+-----+--------+
         Total |  15553 |  14828 |    725 |   1378 |   8783 |  18 |  864.1 |
       Dungeon |   8360 |   7923 |    437 |    898 |   4780 |  10 |  836.0 |
        Temple |    123 |    114 |      9 |      0 |    113 |   1 |  123.0 |
          Lair |   6637 |   6358 |    279 |    434 |   3787 |   6 | 1106.2 |
        Bailey |    431 |    431 |      0 |     45 |    102 |   1 |  431.0 |
               +--------+--------+--------+--------+--------+-----+--------+

Top non-repeatable levels by time:
  Lair:5: 1753 daAuts
  Lair:2: 1396 daAuts
  Lair:4: 1305 daAuts
     D:8: 1098 daAuts
     D:6: 1069 daAuts
     D:9: 1036 daAuts
     D:7: 1031 daAuts
     D:1: 938 daAuts
     D:4: 860 daAuts
  Lair:3: 803 daAuts
     D:3: 796 daAuts
  Lair:1: 788 daAuts
     D:2: 700 daAuts
     D:5: 633 daAuts
  Lair:6: 591 daAuts
